TOP OF THE 1ST |
Butler HS Golden Tornado batting - Pitching for Spanish Fork HS : LHP Octávio López
|
Pitching: LHP Octávio López
|
|
Batting: RHB Nick Washington
|
0-0: Ball 1-0: Swinging Strike 1-1: Foul Ball, location: 2F 1-2: Ball 2-2: Fly out, F9 (Flyball, 89M)
|
Batting: RHB Héctor Meléndez
|
0-0: Foul Ball, location: 2F 0-1: Foul Ball, location: 2F 0-2: Ball 1-2: SOLO HOME RUN (Line Drive, 9D), Distance : 391 ft
|
Batting: RHB Luis Mota
|
0-0: Ball 1-0: Ball 2-0: Foul Ball, location: 2F 2-1: Called Strike 2-2: Ball 3-2: Strikes out looking
|
Batting: LHB Francisco Sousa
|
0-0: Ball 1-0: Ball 2-0: Ball 3-0: Called Strike 3-1: Base on Balls
|
Batting: RHB Blake Carpenter
|
0-0: Ball 1-0: Ball 2-0: 2-RUN HOME RUN (Line Drive, 7LD), Distance : 347 ft
|
Batting: RHB Tom Copeland
|
0-0: Ball 1-0: Ball 2-0: Ball 3-0: Base on Balls
|
Batting: RHB Fred Taylor
|
0-0: Foul Ball, location: 2F 0-1: Ball 1-1: Ball 2-1: SINGLE (Groundball, 6MD) Tom Copeland to second
|
Batting: RHB Ernie Saunders
|
0-0: Foul Ball, location: 2F 0-1: Ball 1-1: Called Strike 1-2: Ball 2-2: Fielders Choice at 2nd, 4-6 (Groundball, 4)
|
Top of the 1st over - 3 run(s), 3 hit(s), 0 error(s), 1 left on base; Butler HS 3 - Spanish Fork HS 0 |
BOTTOM OF THE 1ST |
Spanish Fork HS batting - Pitching for Butler HS Golden Tornado : RHP Willie McCain
|
Pitching: RHP Willie McCain
|
|
Batting: RHB River Sullivan
|
0-0: Foul Ball, location: 2F 0-1: Foul Ball, location: 2F 0-2: Fly out, F8 (Line Drive, 8RM)
|
Batting: RHB Thad Bauer
|
0-0: Fly out, F9 (Line Drive, 89M)
|
Batting: RHB John Arnold
|
0-0: Foul Ball, location: 2F 0-1: Foul Ball, location: 2F 0-2: Ball 1-2: Ball 2-2: SINGLE (Line Drive, 34D)
|
Batting: RHB Geoffrey Billings
|
0-0: Ball 1-0: Ball 2-0: Fielders Choice at 2nd, 5-4 (Groundball, 5)
|
Bottom of the 1st over - 0 run(s), 1 hit(s), 0 error(s), 0 left on base; Butler HS 3 - Spanish Fork HS 0 |
TOP OF THE 2ND |
Butler HS Golden Tornado batting - Pitching for Spanish Fork HS : LHP Octávio López
|
Batting: RHB David Gibson
|
0-0: Ball 1-0: Ball 2-0: Ball 3-0: Called Strike 3-1: Base on Balls
|
Batting: RHB Nick Washington
|
0-0: Foul Ball, location: 2F 0-1: Ball 1-1: Called Strike 1-2: Strikes out looking
|
Batting: RHB Héctor Meléndez
|
0-0: Grounds into double play, 4-6-3 (Groundball, 4)
|
Top of the 2nd over - 0 run(s), 0 hit(s), 0 error(s), 0 left on base; Butler HS 3 - Spanish Fork HS 0 |
BOTTOM OF THE 2ND |
Spanish Fork HS batting - Pitching for Butler HS Golden Tornado : RHP Willie McCain
|
Batting: RHB David Brady
|
0-0: Ball 1-0: Ball 2-0: Foul Ball, location: 2F 2-1: Ground out U3 (Groundball, 34)
|
Batting: RHB Octávio Ramérez
|
0-0: Foul Ball, location: 2F 0-1: Ball 1-1: Ball 2-1: Foul Ball, location: 2F 2-2: Strikes out swinging
|
Batting: RHB Thomas Hollis
|
0-0: Ball 1-0: Ball 2-0: Ball 3-0: Called Strike 3-1: Swinging Strike 3-2: Strikes out swinging
|
Bottom of the 2nd over - 0 run(s), 0 hit(s), 0 error(s), 0 left on base; Butler HS 3 - Spanish Fork HS 0 |
TOP OF THE 3RD |
Butler HS Golden Tornado batting - Pitching for Spanish Fork HS : LHP Octávio López
|
Batting: RHB Luis Mota
|
0-0: Ball 1-0: Fly out, F9 (Flyball, 9S)
|
Batting: LHB Francisco Sousa
|
0-0: Ball 1-0: Foul Ball, location: 2F 1-1: Foul Ball, location: 2F 1-2: Ball 2-2: SINGLE (Groundball, 34) (infield hit)
|
Batting: RHB Blake Carpenter
|
0-0: Ball 1-0: Ball 2-0: Ball 3-0: Called Strike 3-1: Foul Ball, location: 2F 3-2: Foul Ball, location: 2F 3-2: Foul Ball, location: 2F 3-2: SINGLE (Flyball, 3D) Francisco Sousa to second Runner from 2nd tries for 3rd, SAFE, no throw
|
Batting: RHB Tom Copeland
|
0-0: Ball 1-0: Called Strike 1-1: Ball 2-1: Swinging Strike 2-2: Strikes out swinging
|
Batting: RHB Fred Taylor
|
0-0: Ball 1-0: Fly out, F7 (Flyball, 78M)
|
Top of the 3rd over - 0 run(s), 2 hit(s), 0 error(s), 2 left on base; Butler HS 3 - Spanish Fork HS 0 |
BOTTOM OF THE 3RD |
Spanish Fork HS batting - Pitching for Butler HS Golden Tornado : RHP Willie McCain
|
Batting: RHB Michael MacDonald
|
0-0: Ball 1-0: Ground out 4-3 (Groundball, 4S)
|
Batting: SHB Iván Flores
|
0-0: Called Strike 0-1: Foul Ball, location: 2F 0-2: Ball 1-2: Fly out, F4 (Popup, 3D)
|
Batting: RHB River Sullivan
|
0-0: Ball 1-0: Ball 2-0: SINGLE (Flyball, 8RS)
|
Batting: RHB Thad Bauer
|
0-0: Ball 1-0: Fielders Choice at 2nd, U6 (Groundball, 6M)
|
Bottom of the 3rd over - 0 run(s), 1 hit(s), 0 error(s), 1 left on base; Butler HS 3 - Spanish Fork HS 0 |
TOP OF THE 4TH |
Butler HS Golden Tornado batting - Pitching for Spanish Fork HS : LHP Octávio López
|
Batting: RHB Ernie Saunders
|
0-0: Called Strike 0-1: Swinging Strike 0-2: Foul Ball, location: 2F 0-2: Ball 1-2: Strikes out swinging
|
Batting: RHB David Gibson
|
0-0: Foul Ball, location: 2F 0-1: Ball 1-1: Foul Ball, location: 2F 1-2: Ball 2-2: Fly out, F6 (Popup, 6D)
|
Batting: RHB Nick Washington
|
0-0: Called Strike 0-1: Foul Ball, location: 2F 0-2: Ball 1-2: SINGLE (Flyball, 89S)
|
Pitching: RHP Jim Quinborough
|
|
Batting: RHB Héctor Meléndez
|
0-0: Ball 1-0: Fielders Choice at 2nd, 4-6 (Groundball, 4)
|
Top of the 4th over - 0 run(s), 1 hit(s), 0 error(s), 0 left on base; Butler HS 3 - Spanish Fork HS 0 |
BOTTOM OF THE 4TH |
Spanish Fork HS batting - Pitching for Butler HS Golden Tornado : RHP Willie McCain
|
Batting: RHB John Arnold
|
0-0: Ball 1-0: Called Strike 1-1: Ball 2-1: Ball 3-1: Foul Ball, location: 2F 3-2: DOUBLE (Line Drive, 8LXD)
|
Batting: RHB Geoffrey Billings
|
0-0: Foul Ball, location: 2F 0-1: Ball 1-1: Foul Ball, location: 2F 1-2: Ball 2-2: Fly out, F5 (Line Drive, 5S)
|
Batting: RHB David Brady
|
0-0: Called Strike 0-1: Foul Ball, location: 2F 0-2: Foul Ball, location: 2F 0-2: DOUBLE (Flyball, 8RXD) John Arnold scores
|
Batting: RHB Octávio Ramérez
|
0-0: Foul Ball, location: 2F 0-1: Foul Ball, location: 2F 0-2: Foul Ball, location: 2F 0-2: Foul Ball, location: 2F 0-2: Foul Ball, location: 2F 0-2: Foul Ball, location: 2F 0-2: Ground out 5-3 (Groundball, 56S) David Brady to third
|
Batting: RHB Thomas Hollis
|
0-0: Ball 1-0: Called Strike 1-1: Ball 2-1: Ball 3-1: Foul Ball, location: 2F 3-2: Foul Ball, location: 2F 3-2: Strikes out swinging
|
Bottom of the 4th over - 1 run(s), 2 hit(s), 0 error(s), 1 left on base; Butler HS 3 - Spanish Fork HS 1 |
TOP OF THE 5TH |
Butler HS Golden Tornado batting - Pitching for Spanish Fork HS : RHP Jim Quinborough
|
Batting: RHB Luis Mota
|
0-0: Ball 1-0: Called Strike 1-1: Ball 2-1: Foul Ball, location: 2F 2-2: DOUBLE (Flyball, 7LM)
|
Batting: LHB Francisco Sousa
|
0-0: Intentional Walk
|
Batting: RHB Blake Carpenter
|
0-0: Foul Ball, location: 2F 0-1: Ball 1-1: Swinging Strike 1-2: Strikes out swinging
|
Batting: RHB Tom Copeland
|
0-0: Ball 1-0: Ball 2-0: Called Strike 2-1: Swinging Strike 2-2: Strikes out looking
|
Batting: RHB Fred Taylor
|
0-0: Fly out, F9 (Flyball, 9S)
|
Top of the 5th over - 0 run(s), 1 hit(s), 0 error(s), 2 left on base; Butler HS 3 - Spanish Fork HS 1 |
BOTTOM OF THE 5TH |
Spanish Fork HS batting - Pitching for Butler HS Golden Tornado : RHP Willie McCain
|
Batting: RHB Michael MacDonald
|
0-0: Called Strike 0-1: Ball 1-1: Called Strike 1-2: Foul Ball, location: 2F 1-2: Foul Ball, location: 2F 1-2: Strikes out looking
|
Batting: SHB Iván Flores
|
0-0: Ball 1-0: Ball 2-0: Called Strike 2-1: Ground out U3 (Groundball, 3)
|
Batting: RHB River Sullivan
|
0-0: Ball 1-0: Called Strike 1-1: Ground out U3 (Groundball, 34)
|
Bottom of the 5th over - 0 run(s), 0 hit(s), 0 error(s), 0 left on base; Butler HS 3 - Spanish Fork HS 1 |
TOP OF THE 6TH |
Butler HS Golden Tornado batting - Pitching for Spanish Fork HS : RHP Jim Quinborough
|
Batting: RHB Ernie Saunders
|
0-0: Ball 1-0: Swinging Strike 1-1: Ball 2-1: Called Strike 2-2: Ball 3-2: Strikes out swinging
|
Batting: RHB David Gibson
|
0-0: Called Strike 0-1: Ball 1-1: Swinging Strike 1-2: Strikes out swinging
|
Batting: RHB Nick Washington
|
0-0: Ball 1-0: Called Strike 1-1: Called Strike 1-2: SINGLE (Line Drive, 78M)
|
Batting: RHB Héctor Meléndez
|
0-0: Ground out U3 (Groundball, 3S)
|
Top of the 6th over - 0 run(s), 1 hit(s), 0 error(s), 1 left on base; Butler HS 3 - Spanish Fork HS 1 |
TOP OF THE 7TH |
Butler HS Golden Tornado batting - Pitching for Spanish Fork HS : RHP Jim Quinborough
|
Batting: RHB Luis Mota
|
0-0: Swinging Strike 0-1: Ball 1-1: Ball 2-1: Ball 3-1: Swinging Strike 3-2: Fly out, F9 (Flyball, 9LS)
|
Batting: LHB Francisco Sousa
|
0-0: Called Strike 0-1: Ball 1-1: Foul Ball, location: 2F 1-2: Foul Ball, location: 2F 1-2: Ball 2-2: Ball 3-2: Ground out 1-3 (Groundball, P)
|
Batting: RHB Blake Carpenter
|
0-0: Called Strike 0-1: Swinging Strike 0-2: Foul Ball, location: 2F 0-2: Foul Ball, location: 2F 0-2: Fly out, F5 (Popup, 5S)
|
Top of the 7th over - 0 run(s), 0 hit(s), 0 error(s), 0 left on base; Butler HS 3 - Spanish Fork HS 4 |
BOTTOM OF THE 7TH |
Spanish Fork HS batting - Pitching for Butler HS Golden Tornado : RHP Jeremy Stack
|
Batting: SHB Iván Flores
|
0-0: Called Strike 0-1: Ground out 4-3 (Groundball, 4)
|
Batting: RHB River Sullivan
|
0-0: Foul Ball, location: 2F 0-1: Ground out 5-3 (Groundball, 56S)
|
Batting: RHB Thad Bauer
|
0-0: Ball 1-0: Ball 2-0: Ball 3-0: Called Strike 3-1: Base on Balls
|
Batting: RHB John Arnold
|
0-0: Called Strike 0-1: Foul Ball, location: 2F 0-2: Strikes out looking
|
Bottom of the 7th over - 0 run(s), 0 hit(s), 0 error(s), 1 left on base; Butler HS 3 - Spanish Fork HS 4 |
TOP OF THE 8TH |
Butler HS Golden Tornado batting - Pitching for Spanish Fork HS : RHP Jim Quinborough
|
Pitching: RHP Curt Pineda
|
|
Now at SS: John Flowers
|
|
Batting: RHB Tom Copeland
|
0-0: Ball 1-0: Swinging Strike 1-1: Swinging Strike 1-2: Ball 2-2: Strikes out swinging
|
Batting: RHB Fred Taylor
|
0-0: Ball 1-0: Ball 2-0: SINGLE (Groundball, 4D)
|
Batting: RHB Ernie Saunders
|
0-0: Ball 1-0: Ball 2-0: Ball 3-0: Base on Balls Fred Taylor to second
|
Batting: RHB David Gibson
|
0-0: Grounds into double play, 5-4-3 (Groundball, 56)
|
Top of the 8th over - 0 run(s), 1 hit(s), 0 error(s), 1 left on base; Butler HS 3 - Spanish Fork HS 4 |
BOTTOM OF THE 8TH |
Spanish Fork HS batting - Pitching for Butler HS Golden Tornado : RHP Jeremy Stack
|
Batting: RHB Geoffrey Billings
|
0-0: Called Strike 0-1: Ball 1-1: Swinging Strike 1-2: Ball 2-2: Foul Ball, location: 2F 2-2: Strikes out swinging
|
Batting: RHB David Brady
|
0-0: Foul Ball, location: 2F 0-1: Called Strike 0-2: Foul Ball, location: 2F 0-2: Ball 1-2: Foul Ball, location: 2F 1-2: Fly out, F9 (Flyball, 9S)
|
Batting: RHB Octávio Ramérez
|
0-0: Called Strike 0-1: Ground out 6-3 (Groundball, 6S)
|
Bottom of the 8th over - 0 run(s), 0 hit(s), 0 error(s), 0 left on base; Butler HS 3 - Spanish Fork HS 4 |
TOP OF THE 9TH |
Butler HS Golden Tornado batting - Pitching for Spanish Fork HS : RHP Curt Pineda
|
Pitching: LHP Patrice Galipeau
|
|
Now at 1B: Lou Kenner
|
|
Batting: RHB Nick Washington
|
0-0: Foul Ball, location: 2F 0-1: Ball 1-1: Foul Ball, location: 2F 1-2: Ball 2-2: Ball 3-2: Ground out 5-3 (Groundball, 56)
|
Batting: RHB Héctor Meléndez
|
0-0: Ball 1-0: Swinging Strike 1-1: Foul Ball, location: 2F 1-2: Ground out 4-3 (Groundball, 4)
|
Batting: RHB Luis Mota
|
0-0: Called Strike 0-1: Ball 1-1: Ball 2-1: Ball 3-1: Called Strike 3-2: Fly out, F8 (Flyball, 8RM)
|
Top of the 9th over - 0 run(s), 0 hit(s), 0 error(s), 0 left on base; Butler HS 3 - Spanish Fork HS 4 |
|